 Dungeon Crawl Stone Soup version 0.31-a0-182-gc5ef74bbde (webtiles) character file.

Game seed: 15188891369908460893

8134 qw the Cleaver (level 11, -3/71 HPs)
             Began as a Gargoyle Fighter on June 20, 2023.
             Was an Elder of Okawaru.
             Slain by a gnoll sergeant
             ... wielding a +2 trident of distortion
              (5 damage)
             ... on level 10 of the Dungeon.
             The game lasted 00:05:08 (10911 turns).

qw the Cleaver (Gargoyle Fighter)                  Turns: 10911, Time: 00:05:09

Health: -3/71      AC: 27    Str: 24    XL:     11   Next: 26%
Magic:  14/14      EV: 10    Int:  9    God:    Okawaru [****..]
Gold:   414        SH:  7    Dex: 15    Spells: 10/10 levels left

rFire   . . .        i - +0 broad axe
rCold   + . .        c - +0 buckler
rNeg    + . .        b - +0 plate armour
rPois   inf          (no helmet)
rElec   +            l - +0 cloak
rCorr   .            (no gloves)
SInv    .            p - +0 pair of boots
Will    .....        (no amulet) Stlth
                     y - ring of protection from cold
HPRegen 0.31/turn    f - +6 ring of dexterity
MPRegen 0.14/turn

%: no passive effects
@: about to teleport, heroic
A: sickness immunity, AC +8, negative energy resistance 1, electricity
resistance, torment resistance 1, petrification resistance
a: Renounce Religion, Heroism, Finesse


You were on level 10 of the Dungeon.
You worshipped Okawaru.
Okawaru was greatly pleased with you.
You visited 2 branches of the dungeon, and saw 11 of its levels.

You collected 414 gold pieces.


Innate Abilities, Weirdness & Mutations

You are immune to sickness and miasma.
Your stone body is resilient. (AC +8)
You are immune to poison.
You resist negative energy. (rN+)
You are resistant to electric shocks. (rElec)
You are resistant to unholy torment.
You are immune to petrification.


   Skills:
 - Level 9.1(14.1) Fighting
 + Level 11.1(16.1) Axes
 - Level 1.1(6.1) Throwing
 - Level 8.0(13.0) Armour
 - Level 2.5(7.5) Dodging
 - Level 5.0(10.0) Shields
 + Level 4.9 Invocations


You had 10 spell levels left.
You didn't know any spells.
Your spell library was empty.

Inventory:

Hand Weapons
 e - a +0 flail of protection
 i - a +0 broad axe (weapon)
Missiles
 t - 3 boomerangs (quivered)
Armour
 a - a +2 plate armour of cold resistance
 b - a +0 plate armour (worn)
 c - a +0 buckler (worn)
 l - a +0 cloak (worn)
 p - a +0 pair of boots (worn)
Jewellery
 f - a +6 ring of dexterity (right hand)
 h - a ring of resist corrosion
 u - an amulet of guardian spirit
 y - a ring of protection from cold (left hand)
Scrolls
 m - a scroll of teleportation
 n - 2 scrolls of identify
Potions
 d - 3 potions of might
 g - a potion of cancellation
 j - a potion of heal wounds
 k - 2 potions of attraction
 o - 2 potions of mutation
 q - 2 potions of lignification
 r - a potion of haste

Dungeon Overview and Level Annotations

Branches:
Dungeon (10/15)            Temple (1/1) D:4            Lair (0/5) D:10
    Orc (0/2) D:10

Altars:
Ashenzari
Cheibriados
Dithmenos
Elyvilon
Fedhas
Gozag
Hepliaklqana
Kikubaaqudgha
Makhleb
Nemelex Xobeh
Okawaru
Qazlal
Ru
Sif Muna
Trog
Uskayaw
Vehumet
Wu Jian
Xom
Yredelemnul
Zin
The Shining One

Annotations:
D:7 1 runed translucent door, Crazy Yiuf


Message History

The gnoll sergeant hits you with a +1 trident of venom.
The gnoll sergeant hits you but does no damage.
An orc comes into view. It is wielding a +0 dagger.
You block the gnoll sergeant's attack.
An orc warrior comes into view. It is wielding a +0 scimitar of pain.
You slash the gnoll sergeant!
The gnoll sergeant is heavily wounded.
You hit the gnoll sergeant.
The gnoll sergeant is severely wounded.
You block the gnoll sergeant's attack.
The gnoll sergeant hits you but does no damage.
An ogre comes into view. It is wielding a +0 giant club.
You block the gnoll sergeant's attack.
You barely miss the gnoll sergeant.
The gnoll sergeant is severely wounded.
You block the gnoll sergeant's attack.
The gnoll sergeant hits you but does no damage.
The gnoll sergeant closely misses you.
An ogre comes into view. It is wielding a +0 giant club.
You hit the gnoll sergeant but do no damage.
The gnoll sergeant is severely wounded.
You completely miss the ogre. You block the gnoll sergeant's attack.
The gnoll sergeant hits you but does no damage.
The gnoll sergeant hits you from afar with a +2 trident of distortion.
Space warps horribly around you. You block the ogre's attack.
You slash the gnoll sergeant!
The gnoll sergeant is almost dead.
You hit the ogre.
The gnoll sergeant hits you with a +1 trident of venom.
The gnoll sergeant hits you but does no damage.
The gnoll sergeant hits you from afar with a +2 trident of distortion!
Space warps horribly around you!
10911 ||| READING 2 scrolls of teleportation.
As you read the scroll of teleportation, it crumbles to dust.
You feel strangely unstable. The ogre hits you with a +0 giant club!
You block the gnoll sergeant's attack.
The gnoll sergeant hits you from afar with a +2 trident of distortion.
Space warps around you.
You die...

#..#
##........#.............
#..
#......####%...........
##. ##......#
#...........# #
#[...##.# #............
#######.# #....#......[
#8..o8#.# #...###......
#..gog#.# #...###......


#.OOOgOg# #..###....... #@# #..##...####. #.####.###..## #. #.#........## #.
#...#.....## #. #####.....## ## #....#.## # #######.## # ##.# # ### You could
see an orc warrior, 4 ogres, 3 gnoll sergeants, a gnoll and an orc.

Vanquished Creatures
  A two-headed ogre (D:9)
  Joseph (D:7)
  A komodo dragon (D:10)
  A troll (D:10)
  Sigmund (D:5)
  2 shadows
  3 wyverns
  9 yaks
  A steam dragon (D:8)
  Edmund (D:6)
  An acid dragon (D:9)
  3 wargs (D:10)
  3 water moccasins
  5 orc warriors
  2 black bears
  5 boggarts (D:9)
  An ogre (D:10)
  3 centaurs
  2 phantoms
  A kobold brigand (D:9)
  3 bullfrogs
  3 scorpions
  13 wights
  Dowan (D:5)
  2 howler monkeys (D:8)
  6 orc priests
  A jelly (D:6)
  2 gnoll boudas
  7 orc wizards
  4 iguanas
  4 adders
  7 gnolls
  A white imp (D:6)
  A worm (D:2)
  3 dart slugs
  16 orcs
  2 endoplasms
  4 giant cockroaches
  5 goblins
  10 hobgoblins
  6 jackals
  18 kobolds
  A quokka (D:2)
  4 ball pythons
  2 bats (D:1)
  8 frilled lizards
  6 rats
187 creatures vanquished.

Notes
Turn   | Place    | Note
-------+----------+-------------------------------------------
     0 | D:1      | qw the Gargoyle Fighter began the quest for the Orb.
     0 | D:1      | Reached XP level 1. HP: 14/14 MP: 1/1
     0 | D:1      | 0 ||| qw: Version: 0.3-a-9-g12657ce
     0 | D:1      | 0 ||| qw: Game counter: 1281
     0 | D:1      | 0 ||| qw: Always use a shield: true
     0 | D:1      | 0 ||| qw: God list: Okawaru
     0 | D:1      | 0 ||| qw: Allow faded altars: false
     0 | D:1      | 0 ||| qw: Do Orc after D:15 true
     0 | D:1      | 0 ||| qw: Do second Lair branch before Depths: true
     0 | D:1      | 0 ||| qw: Lair rune preference: random
     0 | D:1      | 0 ||| qw: Plans: Normal, Zot:1-4, Slime:5, God:TSO, Crypt,
                  | Tomb, Abyss, Pan, Hells, Win
     0 | D:1      | 0 ||| PLANNING D:1-11
   224 | D:1      | Reached skill level 2 in Axes
   361 | D:1      | Reached XP level 2. HP: 19/19 MP: 2/2
   368 | D:1      | Found a faded altar of an unknown god.
   419 | D:1      | 419 ||| Stepping ~*~*~tactically~*~*~ (stealth).
   506 | D:1      | 506 ||| Stepping ~*~*~tactically~*~*~ (stealth).
   546 | D:1      | Reached skill level 3 in Axes
   550 | D:1      | 550 ||| Stepping ~*~*~tactically~*~*~ (hiding).
   551 | D:1      | 551 ||| Stepping ~*~*~tactically~*~*~ (hiding).
   755 | D:1      | Reached XP level 3. HP: 23/23 MP: 3/3
   858 | D:1      | 858 ||| READING 3 scrolls labelled IGIRPHENILE.
   859 | D:1      | 859 ||| READING scroll labelled XYZAREOVVI.
   860 | D:1      | 860 ||| READING scroll labelled DOPTOE CELOAMN.
   863 | D:1      | 863 ||| READING 2 scrolls labelled FERITZECKA.
   864 | D:1      | 864 ||| READING scroll labelled RIEZ NUFYCEA.
   865 | D:1      | 865 ||| READING scroll labelled HICKUI JUMN.
   866 | D:1      | 866 ||| DROPPING +0 club.
   867 | D:1      | 867 ||| DROPPING 2 scrolls of revelation.
   868 | D:1      | 868 ||| DROPPING scroll of amnesia.
   924 | D:2      | 924 ||| Stepping ~*~*~tactically~*~*~ (stealth).
  1133 | D:2      | 1133 ||| Stepping ~*~*~tactically~*~*~ (hiding).
  1230 | D:2      | 1230 ||| READING scroll of brand weapon.
  1230 | D:2      | 1230 ||| BRANDING +0 war axe of flaming.
  1251 | D:2      | Reached XP level 4. HP: 28/28 MP: 4/4
  2014 | D:2      | 2014 ||| DROPPING amulet of magic regeneration.
  2015 | D:2      | 2015 ||| UPGRADING to ring of resist corrosion.
  2016 | D:2      | 2016 ||| UPGRADING to +6 ring of dexterity.
  2097 | D:3      | 2097 ||| DROPPING +0 club.
  2550 | D:3      | 2550 ||| DROPPING +0 whip.
  2575 | D:3      | 2575 ||| DRINKING 2 brown potions.
  2632 | D:4      | Noticed a black bear
  2643 | D:4      | Killed a black bear
  2644 | D:4      | Reached XP level 5. HP: 17/32 MP: 5/5
  2794 | D:4      | Found a staircase to the Ecumenical Temple.
  2795 | D:4      | 2795 ||| PLANNING TEMPLE
  2795 | D:4      | 2795 ||| UPGRADING to +0 cloak.
  2800 | D:4      | 2800 ||| DRINKING 2 lumpy inky potions.
  2809 | D:4      | Reached skill level 4 in Axes
  2827 | Temple   | Entered the Ecumenical Temple
  2841 | Temple   | 2841 ||| PLANNING OKAWARU WORSHIP
  3013 | Temple   | Became a worshipper of Warmaster Okawaru
  3014 | Temple   | 3014 ||| PLANNING D:1-11
  3300 | D:4      | You fall into a shaft and drop 2 floors!
  3331 | D:6      | 3331 ||| READING scroll labelled PESTOF WIBU.
  3332 | D:6      | 3332 ||| READING scroll labelled QEMYKOPSIS.
  3440 | D:6      | 3440 ||| READING 3 scrolls of identify.
  3440 | D:6      | 3440 ||| IDENTIFYING pink potion
  3441 | D:6      | 3441 ||| READING 2 scrolls of identify.
  3441 | D:6      | 3441 ||| IDENTIFYING lumpy white potion
  3442 | D:6      | 3442 ||| DROPPING potion of invisibility.
  3444 | D:6      | 3444 ||| FLEEEEING.
  3445 | D:6      | 3445 ||| Stepping ~*~*~tactically~*~*~ (hiding).
  3446 | D:6      | 3446 ||| Stepping ~*~*~tactically~*~*~ (hiding).
  3454 | D:6      | Reached XP level 6. HP: 32/37 MP: 6/6
  3510 | D:5      | Entered Level 5 of the Dungeon
  3510 | D:5      | Noticed Dowan
  3511 | D:5      | 3511 ||| FLEEEEING.
  3512 | D:5      | 3512 ||| FLEEEEING.
  3516 | D:5      | 3516 ||| STAIRDANCE
  3912 | D:5      | 3912 ||| STAIRDANCE
  3975 | D:5      | 3975 ||| Stepping ~*~*~tactically~*~*~ (stealth).
  4126 | D:5      | Reached skill level 5 in Axes
  4199 | D:5      | Noticed Sigmund
  4200 | D:5      | 4200 ||| Stepping ~*~*~tactically~*~*~ (hiding).
  4204 | D:5      | 4204 ||| DRINKING potion of curing.
  4204 | D:5      | 4204 ||| (to cure confusion)
  4211 | D:5      | Killed Sigmund
  4211 | D:5      | Reached * piety under Okawaru
  4212 | D:5      | Reached XP level 7. HP: 30/44 MP: 7/7
  4212 | D:5      | 4212 ||| INVOKING Heroism.
  4219 | D:5      | Killed Dowan
  4220 | D:5      | Reached skill level 1 in Invocations
  4486 | D:5      | 4486 ||| UPGRADING to +0 pair of boots.
  4491 | D:5      | 4491 ||| DRINKING 2 grey potions.
  4492 | D:5      | 4492 ||| READING 3 scrolls of identify.
  4492 | D:5      | 4492 ||| IDENTIFYING bubbling cyan potion
  4493 | D:5      | 4493 ||| READING 2 scrolls of identify.
  4493 | D:5      | 4493 ||| IDENTIFYING coppery potion
  4494 | D:5      | 4494 ||| DROPPING potion of ambrosia.
  4495 | D:5      | 4495 ||| DROPPING potion of berserk rage.
  4622 | D:6      | Noticed Edmund
  4623 | D:6      | 4623 ||| INVOKING Heroism.
  4635 | D:6      | 4635 ||| INVOKING Heroism.
  4645 | D:6      | Killed Edmund
  4646 | D:6      | Reached skill level 6 in Axes
  4646 | D:6      | Reached skill level 3 in Invocations
  4681 | D:6      | 4681 ||| FLEEEEING.
  4708 | D:6      | 4708 ||| DROPPING +0 flail.
  4807 | D:6      | Reached XP level 8. HP: 45/48 MP: 10/10
  4826 | D:6      | 4826 ||| INVOKING Heroism.
  5571 | D:6      | 5571 ||| UPGRADING to +0 chain mail.
  5581 | D:6      | 5581 ||| DROPPING +0 scale mail.
  5582 | D:6      | 5582 ||| READING scroll labelled GIL BOT XEIS.
  5583 | D:6      | 5583 ||| READING 4 scrolls of identify.
  5583 | D:6      | 5583 ||| IDENTIFYING fizzy clear potion
  5584 | D:6      | 5584 ||| READING 3 scrolls of identify.
  5584 | D:6      | 5584 ||| IDENTIFYING lumpy clear potion
  5585 | D:6      | 5585 ||| READING 2 scrolls of identify.
  5585 | D:6      | 5585 ||| IDENTIFYING cyan potion
  5621 | D:7      | Noticed a wyvern
  5629 | D:7      | Killed a wyvern
  5630 | D:7      | Reached skill level 7 in Axes
  5802 | D:7      | 5802 ||| INVOKING Heroism.
  6022 | D:7      | Reached skill level 1 in Throwing
  6028 | D:7      | 6028 ||| INVOKING Heroism.
  6032 | D:7      | Reached skill level 8 in Axes
  6098 | D:7      | Reached XP level 9. HP: 54/54 MP: 12/12
  6115 | D:7      | 6115 ||| INVOKING Heroism.
  6126 | D:7      | Reached skill level 6 in Fighting
  6317 | D:7      | 6317 ||| INVOKING Heroism.
  6317 | D:7      | Noticed Joseph
  6333 | D:7      | Killed Joseph
  6333 | D:7      | Reached ** piety under Okawaru
  6334 | D:7      | Reached skill level 9 in Axes
  6340 | D:7      | 6340 ||| FLEEEEING.
  6341 | D:7      | 6341 ||| FLEEEEING.
  6342 | D:7      | 6342 ||| STAIRDANCE
  6453 | D:6      | 6453 ||| UPGRADING to +0 plate armour.
  6463 | D:6      | 6463 ||| DROPPING +0 chain mail.
  6489 | D:7      | Found a runed translucent door.
  6490 | D:7      | Noticed Crazy Yiuf
  6690 | D:7      | Found a hide-covered altar of Uskayaw.
  6694 | D:7      | Found a snail-covered altar of Cheibriados.
  6697 | D:7      | Found a shimmering altar of Xom.
  6831 | D:7      | 6831 ||| INVOKING Heroism.
  7672 | D:7      | 7672 ||| Stepping randomly (stuck).
  7850 | D:8      | 7850 ||| Stepping ~*~*~tactically~*~*~ (hiding).
  7932 | D:8      | 7932 ||| INVOKING Heroism.
  8007 | D:8      | 8007 ||| INVOKING Heroism.
  8178 | D:8      | Reached skill level 6 in Armour
  8188 | D:8      | 8188 ||| Stepping ~*~*~tactically~*~*~ (stealth).
  8191 | D:8      | 8191 ||| Stepping ~*~*~tactically~*~*~ (stealth).
  8199 | D:8      | 8199 ||| INVOKING Heroism.
  8396 | D:8      | Found a flagged portal.
  8579 | D:8      | 8579 ||| DROPPING +6 ring of intelligence.
  8580 | D:8      | 8580 ||| UPGRADING to ring of protection from cold.
  8582 | D:8      | 8582 ||| READING 2 scrolls labelled DUPHID PIOLUFI.
  8583 | D:8      | 8583 ||| READING scroll labelled AFIESO WAWONO.
  8584 | D:8      | 8584 ||| READING scroll labelled RUTTUM CUMPE.
  8585 | D:8      | 8585 ||| READING 3 scrolls of identify.
  8585 | D:8      | 8585 ||| IDENTIFYING black potion
  8586 | D:8      | 8586 ||| READING 2 scrolls of identify.
  8586 | D:8      | 8586 ||| IDENTIFYING bubbling emerald potion
  8587 | D:8      | 8587 ||| DROPPING scroll of poison.
  8588 | D:8      | 8588 ||| DROPPING potion of brilliance.
  8589 | D:8      | 8589 ||| DROPPING potion of degeneration.
  8647 | D:9      | 8647 ||| INVOKING Heroism.
  8651 | D:9      | Reached XP level 10. HP: 39/63 MP: 10/13
  8781 | D:9      | 8781 ||| INVOKING Heroism.
  8857 | D:9      | Identified the +7 sling of Equivalence {heavy, rC+}
  8899 | D:9      | Reached skill level 10 in Axes
  8901 | D:9      | 8901 ||| INVOKING Heroism.
  8905 | D:9      | Reached *** piety under Okawaru
  9060 | D:9      | 9060 ||| Stepping ~*~*~tactically~*~*~ (hiding).
  9090 | D:9      | Noticed a two-headed ogre
  9091 | D:9      | 9091 ||| INVOKING Heroism.
  9099 | D:9      | Killed a two-headed ogre
  9200 | D:9      | 9200 ||| INVOKING Heroism.
  9416 | D:9      | Reached **** piety under Okawaru
  9462 | D:9      | 9462 ||| Stepping ~*~*~tactically~*~*~ (hiding).
  9850 | D:10     | Entered Level 10 of the Dungeon
  9853 | D:10     | 9853 ||| INVOKING Heroism.
  9915 | D:10     | 9915 ||| Stepping ~*~*~tactically~*~*~ (stealth).
  9919 | D:10     | 9919 ||| Stepping ~*~*~tactically~*~*~ (stealth).
  9920 | D:10     | 9920 ||| Stepping ~*~*~tactically~*~*~ (stealth).
  9921 | D:10     | 9921 ||| INVOKING Heroism.
  9935 | D:10     | Reached skill level 11 in Axes
 10091 | D:10     | 10091 ||| SWAPPING to +0 broad axe.
 10093 | D:10     | Found a staircase to the Lair.
 10099 | D:10     | Reached XP level 11. HP: 59/69 MP: 14/14
 10104 | D:10     | 10104 ||| INVOKING Heroism.
 10218 | D:10     | 10218 ||| DROPPING +0 war axe of freezing.
 10312 | D:10     | Reached skill level 9 in Fighting
 10772 | D:10     | 10772 ||| INVOKING Heroism.
 10888 | D:10     | Found a staircase to the Orcish Mines.
 10889 | D:10     | 10889 ||| INVOKING Heroism.
 10910 | D:10     | HP: 15/71 [gnoll sergeant/+2 trident of distortion (7)]
 10911 | D:10     | 10911 ||| READING 2 scrolls of teleportation.
 10911 | D:10     | HP: 7/71 [ogre/+0 giant club (8)]
 10911 | D:10     | HP: 2/71 [gnoll sergeant/+2 trident of distortion (5)]
 10911 | D:10     | Slain by a gnoll sergeant

Levels and vault maps discovered:
D:1:      dpeg_cavernosity, layout_basic, chequers_ecumenical_altar_lobes,
          minmay_statues_item, nrook_mini_vaults
D:2:      layout_loops_ring, serial_forest, infiniplex_forest_end_3,
          infiniplex_forest_clump_C, infiniplex_forest_corner_1,
          infiniplex_forest_clump_curved, infiniplex_forest_end_2,
          infiniplex_forest_zigzag_2, infiniplex_forest_clump_double,
          infiniplex_forest_split
D:3:      layout_loops_ring
D:4:      layout_layer_cave, minmay_temple_entry_overgrown
D:5:      layout_cave_pools, uniq_sigmund, uniq_duvessa
D:6:      layout_layer_cave, hangedman_decor_opposing, uniq_edmund
D:7:      layout_loops_ring, grunt_temple_overflow_diamond, minivault_4,
          uniq_crazy_yiuf_cottage, uniq_joseph
D:8:      layout_basic, enter_bailey_8, kennysheep_doodads, corner_web_ring,
          lemuel_flame_loot_1
D:9:      corexii_shack_village, layout_stronghold
D:10:     layout_layer_cave, erik_lair_orcish_takeover,
          kennysheep_orc_monster_closet_entryway
Temple:   nicolae_temple_bog_church

Skill      XL: |  1  2  3  4  5  6  7  8  9 10 11 |
---------------+----------------------------------+-----
Axes           | 2 3 4 5 6 8 9 11 | 11.1
Dodging        | 2 |  2.5
Fighting       | 4 5 7 8 9 |  9.1
Invocations    | 3 4 |  4.9
Throwing       | 1 |  1.1
Armour         | 6 7 8 |  8.0
Shields        | 4 5 |  5.0

Action                     |  1- 3 |  4- 6 |  7- 9 | 10-12 || total
---------------------------+-------+-------+-------+-------++-------
  Melee: War axe           |   147 |   105 |   201 |   115 ||   568
         Broad axe         |       |       |       |    54 ||    54
  Throw: Boomerang         |       |       |    21 |    36 ||    57
 Invoke: Heroism           |       |       |    13 |     9 ||    22
    Use: Scroll            |     7 |     4 |    11 |     1 ||    23
         Potion            |       |     3 |     1 |       ||     4
 Armour: Scale mail        |    61 |    38 |    24 |       ||   123
         Chain mail        |       |       |    25 |       ||    25
         Plate armour      |       |       |    48 |   100 ||   148
  Dodge: Dodged            |    68 |    41 |    70 |    61 ||   240
  Block: Buckler           |    22 |    25 |    57 |    54 ||   158

Table legend:
 A = Non-vault XP
 B = Vault XP
 C = Vault XP percentage of total XP
 D = Non-vault monster count
 E = Vault monster count
 F = Vault count percentage of total count
                 A         B        C        D         E       F
            +---------+---------+-------+---------+---------+-------
      Total |    9680 |    1941 |  16.7 |     160 |      27 |  14.4
            +---------+---------+-------+---------+---------+-------
        D:1 |      34 |       5 |  12.8 |      23 |       4 |  14.8
        D:2 |      58 |       0 |   0.0 |      22 |       0 |   0.0
        D:3 |      13 |       0 |   0.0 |       7 |       0 |   0.0
        D:4 |     179 |       0 |   0.0 |       5 |       0 |   0.0
        D:5 |     192 |     292 |  60.3 |       4 |       2 |  33.3
        D:6 |     488 |     169 |  25.7 |      13 |       1 |   7.1
        D:7 |    1496 |     450 |  23.1 |      24 |       1 |   4.0
        D:8 |    1259 |       0 |   0.0 |      14 |       0 |   0.0
        D:9 |    3895 |      18 |   0.5 |      37 |       8 |  17.8
       D:10 |    2066 |    1007 |  32.8 |      11 |      11 |  50.0
            +---------+---------+-------+---------+---------+-------
